 Dungeon Sprint DCSS version 0.18-a0-1784-ga939a68 (webtiles) character file.

170 Kidiri the Covert (level 5, -4/24 (27) HPs)
             Began as a Spriggan Enchanter on Apr 18, 2016.
             Slain by a necrophage (7 damage)
             ... in the Dungeon (Sprint II: "The Violet Keep of Menkaure").
             The game lasted 00:01:06 (38 turns).

Kidiri the Covert (Spriggan Enchanter)                Turns: 38, Time: 00:01:06

HP:   -4/24 (27)    AC:  3    Str:  4    XL:     5   Next: 26%
MP:   6/14          EV: 22    Int: 17    God:
Gold: 0             SH:  0    Dex: 17    Spells: 1 memorised, 15 levels left

rFire  . . .     SeeInvis +     a - +1 dagger
rCold  . . .     Gourm    .     b - +1 robe
rNeg   . . .     Faith    .     (shield restricted)
rPois  .         Spirit   .     (helmet restricted)
rElec  .         Dismiss  .     (no cloak)
rCorr  .         Reflect  .     (gloves unavailable)
SustAt .         Harm     .     (boots unavailable)
MR     .....     NoTele   +     (no amulet)
Stlth  +++++.....               (no ring)
                                (no ring)

@: exhausted, slowed, quick, not resistant to hostile enchantments, quite
stealthy
A: unfitting armour, see invisible, herbivore 3, speed 3, slow metabolism 2
a: no special abilities


You were in the Dungeon.
You were not hungry.

You visited 1 branch

Inventory:

Hand Weapons
 a - a +1 dagger (weapon)
Armour
 b - a +1 robe (worn)
Scrolls
 j - a scroll of blinking
Potions
 e - a potion of curing
 g - a potion of haste
 h - 2 potions of magic
Books
 c - a book of Maledictions

   Spells                             Type                      Level
   a - Corona                         Hexes                        1
   b - Ensorcelled Hibernation        Hexes/Ice                    2
   c - Confuse                        Hexes                        3
   d - Tukima's Dance                 Hexes                        3
   e - Dazzling Spray                 Conjuration/Hexes            3
Comestibles
 d - a bread ration


   Skills:
 + Level 2.4 Fighting
 * Level 4.9 Short Blades
 + Level 2.2 Armour
 * Level 7.1 Dodging
 * Level 8.4 Stealth
 * Level 6.0 Spellcasting
 + Level 5.2 Hexes


You had 15 spell levels left.
You knew the following spells:

 Your Spells              Type           Power        Failure   Level  Hunger
a - Corona                Hex            ###....      1%          1    None


Dungeon Overview and Level Annotations

Branches:
Dungeon (1/1)

Altars:


Innate Abilities, Weirdness & Mutations

You are tiny and cannot use many weapons and most armour.
You have supernaturally acute eyesight.
You are a herbivore.
You cover ground extremely quickly.
You need consume almost no food.


Message History

The necrophage is heavily damaged.
The necrophage hits you!
Your flesh rots away! x2
You barely miss the necrophage.
The necrophage is heavily damaged.
The necrophage hits you.
* * * LOW HITPOINT WARNING * * *
You hit the necrophage.
The necrophage is severely damaged.
The necrophage completely misses you.
You hit the necrophage.
The necrophage is severely damaged.
The necrophage closely misses you.
You hit the necrophage.
The necrophage is severely damaged.
The necrophage stops glowing.
The necrophage hits you.
* * * LOW HITPOINT WARNING * * *
You hit the necrophage but do no damage.
The necrophage is severely damaged.
The necrophage completely misses you. The necrophage hits you!
You die...

## ##
##.
.##
#..
..#
#.#.#
#@#
##n##
+.n.+
##.##
#+#


You could see 2 necrophages.

Vanquished Creatures
  2 necrophages (D)
2 creatures vanquished.

Notes
Turn   | Place    | Note
--------------------------------------------------------------
     0 | D        | Kidiri the Spriggan Enchanter began the quest for the Orb.
     0 | D        | Reached XP level 1. HP: 9/9 MP: 5/5
     1 | D        | Noticed a necrophage
     1 | D        | Noticed a necrophage
     1 | D        | Noticed a necrophage
     1 | D        | Noticed a necrophage
    12 | D        | Killed a necrophage
    12 | D        | Reached skill level 1 in Fighting
    12 | D        | Reached skill level 1 in Armour
    12 | D        | Reached skill level 5 in Dodging
    12 | D        | Reached skill level 7 in Stealth
    12 | D        | Reached XP level 2. HP: 12/15 MP: 4/8
    12 | D        | Reached XP level 3. HP: 15/18 MP: 5/10
    12 | D        | Reached XP level 4. HP: 19/23 MP: 5/11
    18 | D        | Killed a necrophage
    18 | D        | Reached skill level 8 in Stealth
    18 | D        | Reached skill level 5 in Hexes
    18 | D        | Reached XP level 5. HP: 22/27 MP: 6/14
    38 | D        | Slain by a necrophage

Vault maps used:
D:        the_violet_keep_of_menkaure

Skill      XL: |  1  2  3  4 |
---------------+-------------+-----
Fighting       | 1 2 |  2.4
Short Blades   | 3 4 |  4.9
Armour         | 1 2 |  2.2
Dodging        | 5 7 |  7.1
Stealth        | 7 8 |  8.4
Spellcasting   | 4 6 |  6.0
Hexes          | 4 5 |  5.2

Action                   |  1- 3 |  4- 6 || total
-------------------------+-------+-------++-------
Melee: Dagger            |     8 |    16 ||    24
 Cast: Corona            |     1 |     2 ||     3
  Use: Potion            |     1 |     1 ||     2
Armor: Robe              |       |     2 ||     2
Dodge: Dodged            |     3 |    13 ||    16
